 Dungeon Crawl Stone Soup version 0.28.0 (webtiles) character file.

Game seed: 13368168879575744006

241 hilljack the Skirmisher (level 6, -10/39 HPs)
             Began as a Gargoyle Fighter on Feb 15, 2022.
             Was a Believer of Zin.
             Mangled by Blork the orc (11 damage)
             ... on level 4 of the Dungeon.
             The game lasted 00:05:50 (3317 turns).

hilljack the Skirmisher (Gargoyle Fighter)          Turns: 3317, Time: 00:05:51

Health: -10/39     AC: 14    Str: 20    XL:     6   Next: 8%
Magic:  15/15      EV:  9    Int: 10    God:    Zin [**....]
Gold:   102        SH:  5    Dex: 12    Spells: 5/5 levels left

rFire   + . .      SeeInvis .   a - +0 flail
rCold   + . .      Faith    .   c - +0 buckler
rNeg    + . .      Spirit   .   j - +0 scale mail
rPois   ∞          Reflect  .   s - +0 helmet
rElec   +          Harm     .   (no cloak)
rCorr   .          Rampage  .   (no gloves)
Will    +....                   i - +0 pair of boots
Stlth   ..........              l - amulet of the acrobat
HPRegen 0.13/turn               p - ring of protection from cold
MPRegen 0.14/turn               g - ring "Main" {rF+ Will+ MP+9 Dex+3}

@: reciting, attractive
A: sickness immunity, AC +4, negative energy resistance 1, electricity
resistance, torment resistance 1, petrification resistance
a: Renounce Religion, Recite, Vitalisation, Donate Gold


You were on level 4 of the Dungeon.
You worshipped Zin.
Zin was pleased with you.
You visited 1 branch of the dungeon, and saw 4 of its levels.

You collected 113 gold pieces.
You donated 11 gold pieces to Zin.

Inventory:

Hand Weapons
 a - a +0 flail (weapon)
 b - a +0 hunting sling
Missiles
 h - 26 sling bullets
 m - 60 stones (quivered)
Armour
 c - a +0 buckler (worn)
 i - a +0 pair of boots (worn)
 j - a +0 scale mail (worn)
 s - a +0 helmet (worn)
Jewellery
 f - an amulet of faith
 g - the ring "Main" (right hand) {rF+ Will+ MP+9 Dex+3}
   (You acquired it on level 3 of the Dungeon)

   [ring of protection from fire]

   Dex:       It affects your dexterity (+3).
   rF:        It protects you from fire.
   MP:        It affects your magic capacity (+9).
   Will:      It increases your willpower.
 l - an amulet of the acrobat (around neck)
 p - a ring of protection from cold (left hand)
Wands
 e - a wand of acid (3)
Potions
 d - a potion of might
 n - a potion of ambrosia
 o - a potion of brilliance
 r - a potion of attraction


   Skills:
 + Level 4.6 Fighting
 + Level 3.4 Maces & Flails
 + Level 4.5 Armour
 + Level 4.5 Shields


You had 5 spell levels left.
You didn't know any spells.
Your spell library was empty.

Dungeon Overview and Level Annotations

Branches:
Dungeon (4/15)
 Temple: D:4-7

Altars:
Zin

Portals:
Sewer: D:4

Annotations:
D:4 Blork the orc


Innate Abilities, Weirdness & Mutations

You are immune to sickness and miasma.
Your stone body is resilient. (AC +4)
You are immune to poison.
You resist negative energy. (rN+)
You are resistant to electric shocks. (rElec)
You are resistant to unholy torment.
You are immune to petrification.


Message History

Blork the orc hits you with a +0 dire flail.
You barely miss the adder.
The adder is heavily wounded.
The adder bites you but does no damage.
Blork the orc hits you but does no damage.
The adder bites you but does no damage.
You hit the adder but do no damage.
The adder is heavily wounded.
You hear the rusting of a drain.
The adder barely misses you.
Blork the orc mumbles some strange words.
Blork the orc seems to speed up.
You barely miss the adder.
The adder is heavily wounded.
Blork the orc completely misses you. The adder bites you but does no damage.
Blork the orc hits you but does no damage.
The adder bites you but does no damage.
You sock the adder!
You kill the adder!
Blork the orc hits you with a +0 dire flail!
Blork the orc gestures at you while chanting.
The puff of frost hits you. You resist.
It was a potion of attraction.
You feel attractive to monsters.
Blork the orc hits you with a +0 dire flail!
* * * LOW HITPOINT WARNING * * *
The giant cockroach closely misses you.
Okay, then.
Activating: Recite (10% risk of failure)
Press: ? - help, Dir - look around, f - activate You clear your throat and prepare to recite. "And so Zin bade the squalid dregs to come before..."
Blork the orc is smitten by the wrath of Zin.
Blork the orc is heavily wounded.
Blork the orc shouts!
Blork the orc hits you with a +0 dire flail.
* * * LOW HITPOINT WARNING * * *
The giant cockroach bites you but does no damage.
Blork the orc hits you with a +0 dire flail!
You die...

.....####.......#####
....................####
..###...................
.## #####...............
## #.............## #
#..........##.##
................
#.>..#..#o#######
..###..@#≈≈≈≈≈# .##
#...B≈≈∩≈≈# #...#≈≈≈≈≈#
#....#######
#...........
............
#....>.......
.............


You could see Blork the orc (fast) and a giant cockroach.

Vanquished Creatures
  A centaur skeleton (D:4)
  Jessica (D:3)
  Terence (D:3)
  Robin (D:3)
  6 adders
  A shadow imp (D:3)
  A worm (D:1)
  3 dart slugs
  3 orcs
  7 endoplasms
  5 giant cockroaches
  13 goblins
  9 hobgoblins
  3 jackals (D:3)
  7 kobolds
  5 ball pythons
  4 bats
  3 frilled lizards
  4 rats
78 creatures vanquished.

Notes
Turn   | Place    | Note
-------+----------+-------------------------------------------
     0 | D:1      | hilljack the Gargoyle Fighter began the quest for the Orb.
     0 | D:1      | Reached XP level 1. HP: 14/14 MP: 1/1
   200 | D:1      | Found a faded altar of an unknown god.
   216 | D:1      | Prayed at the altar of an unknown god.
   216 | D:1      | Became a worshipper of Zin the Law-Giver
   216 | D:1      | Reached * piety under Zin
   430 | D:1      | Reached XP level 2. HP: 19/19 MP: 2/2
  1068 | D:2      | Reached XP level 3. HP: 24/24 MP: 3/3
  1095 | D:2      | Reached ** piety under Zin
  1716 | D:2      | Reached XP level 4. HP: 29/29 MP: 4/4
  2073 | D:3      | Noticed Terence
  2075 | D:3      | Noticed Robin
  2086 | D:3      | Killed Terence
  2092 | D:3      | Killed Robin
  2093 | D:3      | Reached XP level 5. HP: 18/33 MP: 5/5
  2568 | D:3      | Noticed Jessica
  2573 | D:3      | Killed Jessica
  2650 | D:3      | Identified a scroll of acquirement
  2650 | D:3      | Acquired the ring "Main" {rF+ Will+ MP+9 Dex+3}
  3170 | D:4      | Reached XP level 6. HP: 33/39 MP: 6/6
  3292 | D:4      | Noticed Blork the orc
  3296 | D:4      | Found a glowing drain.
  3317 | D:4      | HP: 1/39 [Blork the orc (2)]
  3317 | D:4      | Mangled by Blork the orc

Illustrated notes

Levels and vault maps discovered:
D:1:      lightli_arrival_statue_moat, layout_loops_ring,
          basic_ecumenical_altar, corner_web_ring
D:2:      layout_rooms
D:3:      layout_loops_ring, uniq_jessica, uniq_robin, uniq_terence
D:4:      cheibrodos_old_hovel, layout_layer_cave, mainiacjoe_overflow_brackets,
          ashenzari_conservatory_becter, gup_sewer_entry_glass,
          kennysheep_generic_room_12, uniq_blork_the_orc, uniq_natasha

Skill      XL: |  1  2  3  4 |
---------------+-------------+-----
Fighting       | 4 |  4.6
Shields        | 4 |  4.5
Maces & Flails | 3 |  3.4
Armour         | 4 |  4.5

Action                   |  1- 3 |  4- 6 || total
-------------------------+-------+-------++-------
Melee: Flail             |   117 |   114 ||   231
 Fire: Hunting sling     |     8 |    24 ||    32
Invok: Recite            |     1 |     3 ||     4
  Use: Scroll            |       |     7 ||     7
       Potion            |       |     1 ||     1
Armor: Scale mail        |    49 |    58 ||   107
Dodge: Dodged            |    49 |    60 ||   109
Block: Buckler           |    30 |    22 ||    52
